 Dungeon Sprint DCSS version 0.21.1-1-g345015f (webtiles) character file.

54 Psiloshibe the Fighter (level 7, -20/67 HPs)
             Began as a Barachi Berserker on June 27, 2018.
             Was an Elder of Trog.
             Engulfed by a cloud of flame (41 damage)
             ... in the Dungeon (Sprint VI: "Thunderdome").
             The game lasted 00:02:45 (297 turns).

Psiloshibe the Fighter (Barachi Berserker)           Turns: 297, Time: 00:02:45

Health: -20/67     AC:  4    Str: 25    XL:     7   Next: 11%
Magic:  7/7        EV: 16    Int: 12    God:    Trog [****..]
Gold:   100        SH:  0    Dex: 21    Spells: 6/6 levels left

rFire    . . .     SeeInvis .   s - -3 scythe (curse)
rCold    . . .     Gourm    .   (shield currently unavailable)
rNeg     . . .     Faith    .   t - +0 troll leather armour {Purgy}
rPois    +         Spirit   .   (no helmet)
rElec    .         Reflect  .   (no cloak)
rCorr    .         Harm     .   (no gloves)
MR       +....     NoTele   +   (no boots)
Stlth    ++........             q - amulet "Wiad" {Regen+ Dex+4}
HPRegen  1.01/turn              n - ring "Giff" {MR+ Dex+6}
MPRegen  0.10/turn              o - ring of Lilao {*Contam rPois Str+5 Int+4}

@: slow
A: +LOS, swims, slowness 1, strong legs 1
a: Hop, Berserk, Trog's Hand, Brothers in Arms, Burn Spellbooks, Renounce
Religion


You were in the Dungeon.
You worshipped Trog.
Trog was greatly pleased with you.
You were not hungry.

You visited 1 branch You collected 280 gold pieces.
You spent 180 gold pieces at shops.

Inventory:

Hand Weapons
 a - a +0 falchion
 s - a cursed -3 scythe (weapon)
Armour
 t - a +0 troll leather armour (worn) {Purgy}
Jewellery
 n - the ring "Giff" (left hand) {MR+ Dex+6}
   (You bought it in a shop in the Dungeon)

   [ring of protection from magic]

   It affects your dexterity (+6).
   It affects your resistance to hostile enchantments.
 o - the ring of Lilao (right hand) {*Contam rPois Str+5 Int+4}
   (You bought it in a shop in the Dungeon)

   [ring of intelligence]

   It affects your strength (+5).
   It affects your intelligence (+4).
   It protects you from poison.
   It causes magical contamination when unequipped.
 q - the amulet "Wiad" (around neck) {Regen+ Dex+4}
   (You bought it in a shop in the Dungeon)

   [amulet of regeneration]

   It affects your dexterity (+4).
   It increases your rate of regeneration.
Wands
 k - a wand of acid (5)
 l - a wand of iceblast (5)
 p - a wand of flame (18)
Scrolls
 i - 4 scrolls of blinking
 m - 3 scrolls of fog
Potions
 d - a potion of curing
 e - 3 potions of heal wounds
 f - 4 potions of haste
 g - 2 potions of magic
 h - a potion of berserk rage
 j - a potion of resistance
Comestibles
 c - a ration
 r - 3 chunks of flesh


   Skills:
 + Level 10.5 Fighting
 + Level 9.8 Long Blades
 + Level 4.7 Polearms
 + Level 5.4 Armour
 + Level 5.9 Dodging
 + Level 1.3 Stealth
 * Level 4.6 Unarmed Combat


You had 6 spell levels left.
You didn't know any spells.

Dungeon Overview and Level Annotations

Branches:
Dungeon (1/1)

Altars:
Cheibriados
Dithmenos
Fedhas
Gozag
Kikubaaqudgha
Makhleb
Okawaru
Qazlal
Ru
Sif Muna
Trog
Uskayaw
Vehumet
Wu Jian
Xom
Yredelemnul
Zin
The Shining One
Beogh
Jiyva
Lugonu

Shops:
D *[%??*?*:[((!!!!


Innate Abilities, Weirdness & Mutations

Shadows flee at your approach. (+LOS)
You can swim through water.
You cover ground slowly.
You can hop short distances.


Message History

There is an entrance to Ytuwn's Magic Scroll Shop here.
You recover from your berserk rage.
A kamikaze kobold comes into view.
The kamikaze kobold shouts!
You slash the kamikaze kobold!
The kamikaze kobold explodes!
The fiery explosion engulfs you! Trog accepts your kill.
Unknown command.
A kamikaze kobold comes into view.
You see here a porcupine skeleton.
The kamikaze kobold barely misses you.
You slash the kamikaze kobold!
The kamikaze kobold explodes!
The fiery explosion engulfs you!
Ouch! That really hurt!
Trog accepts your kill.
You are engulfed in blazing flames.
Ouch! That really hurt!
You die...

###∩........8.# #.8........∩##
##"............###.............
#⌠.........§###[..###..........
#⌠.........§# #.<.# #.)........
#⌠.........§###...###..........
##.............###.............
###∩......÷.8.# #.8........∩##
##∩___.÷....###......___∩##
######.8..@§.....8.######
#⌠..§§§...)..⌠# ###.§.......###
#.........# #_......._#
#.....%.._# #∩.......∩#
##∩.....∩## ##.....##


There were no monsters in sight!

Vanquished Creatures
  Sigmund (D)
  A porcupine (D)
  Purgy (D)
  An ogre (D)
  2 river rats (D)
  A hobgoblin (D)
  2 quokkas (D)
  2 kobolds (D)
  2 rats (D)
13 creatures vanquished.

Notes
Turn   | Place    | Note
-------+----------+-------------------------------------------
     0 | D        | Psiloshibe the Barachi Berserker began the quest for the Orb.
     0 | D        | Reached XP level 1. HP: 18/18 MP: 1/1
     0 | D        | Found a radiant altar of Vehumet.
     3 | D        | Found a viscous altar of Jiyva.
     3 | D        | Found an ancient bone altar of Kikubaaqudgha.
     3 | D        | Found a basalt altar of Yredelemnul.
     3 | D        | Found a sacrificial altar of Ru.
     4 | D        | Found a glowing golden altar of the Shining One.
     4 | D        | Found a burning altar of Makhleb.
     5 | D        | Found Fimpoqu's Delicious Food.
     5 | D        | Found a glowing silver altar of Zin.
     5 | D        | Found Weloa's Identification Station.
     5 | D        | Found a snail-covered altar of Cheibriados.
     5 | D        | Round 1.
     6 | D        | Found Qego's Jewellery.
     6 | D        | Found Irhit's Advanced Armour.
     6 | D        | Found a shadowy altar of Dithmenos.
     6 | D        | Found an opulent altar of Gozag.
     6 | D        | Found a roughly hewn altar of Beogh.
    18 | D        | Bought a wavering steel ring for 45 gold pieces
    18 | D        | Bought a serpentine pewter ring for 45 gold pieces
    18 | D        | Bought a smoking bone amulet for 45 gold pieces
    18 | D        | Identified the amulet of the Gloaming {Harm *Drain Str+3} (You bought it in a shop in the Dungeon)
    19 | D        | Bought a scorched emerald amulet for 45 gold pieces
    20 | D        | Identified the amulet "Wiad" {Regen+ Dex+4} (You bought it in a shop in the Dungeon)
    25 | D        | Identified the ring "Giff" {MR+ Dex+6} (You bought it in a shop in the Dungeon)
    26 | D        | Identified the ring of Lilao {*Contam rPois Str+5 Int+4} (You bought it in a shop in the Dungeon)
    32 | D        | Noticed Sigmund
    36 | D        | Found Zingo's Magic Scroll Shop.
    49 | D        | Killed Sigmund
    49 | D        | Reached skill level 8 in Fighting
    49 | D        | Reached XP level 2. HP: 12/33 MP: 2/2
    49 | D        | Reached XP level 3. HP: 14/38 MP: 3/3
    49 | D        | Reached XP level 4. HP: 17/45 MP: 4/4
    49 | D        | Reached XP level 5. HP: 19/51 MP: 5/5
    61 | D        | Found a corrupted altar of Lugonu.
    62 | D        | Found an iron altar of Okawaru.
    68 | D        | Found an ornate altar of the Wu Jian Council.
    68 | D        | Found a deep blue altar of Sif Muna.
    68 | D        | Found a stormy altar of Qazlal.
    69 | D        | Found a shimmering altar of Xom.
    69 | D        | Found a bloodstained altar of Trog.
    70 | D        | Found a hide-covered altar of Uskayaw.
    70 | D        | Found Hagaess's Weapon Rack.
    70 | D        | Found Igof's Premium Goods.
    71 | D        | Found a blossoming altar of Fedhas.
    71 | D        | Found Hitaewon's Basic Armour.
    71 | D        | Found Coohojeu's Miscellaneous Merchandise.
    75 | D        | Reached ** piety under Trog
    86 | D        | Found Dyterac's Do-It-Yourself Clinic.
    87 | D        | Noticed an ogre
    93 | D        | Found Tiosanni's Bottled Wisdom.
    96 | D        | Found Nyonatux's Distillery.
    97 | D        | Found Haashre's Distillery.
   104 | D        | Killed an ogre
   104 | D        | Reached skill level 9 in Fighting
   104 | D        | Reached skill level 1 in Polearms
   104 | D        | Reached skill level 5 in Armour
   104 | D        | Reached skill level 5 in Dodging
   104 | D        | Reached XP level 6. HP: 36/59 MP: 6/6
   118 | D        | Found Xeubu's Staff Store.
   119 | D        | Found Plog's Must-Have Magic.
   119 | D        | Found Ytuwn's Magic Scroll Shop.
   132 | D        | Arena points: 12 (+12) [x2]
   148 | D        | Round 2.
   158 | D        | Reached *** piety under Trog
   175 | D        | Noticed a porcupine
   177 | D        | Noticed Purgy
   184 | D        | Killed a porcupine
   184 | D        | Reached skill level 10 in Fighting
   184 | D        | Reached skill level 1 in Stealth
   220 | D        | HP: 2/60 [river rat (7)]
   229 | D        | Killed Purgy
   229 | D        | Reached XP level 7. HP: 36/67 MP: 7/7
   237 | D        | Reached **** piety under Trog
   237 | D        | Arena points: 54 (+42) [x3]
   252 | D        | Round 3.
   297 | D        | Engulfed by a cloud of flame

Skill      XL: |  1  2  3  4  5  6 |
---------------+-------------------+-----
Fighting       | 8 9 10 | 10.5
Long Blades    | 8 9 |  9.8
Armour         | 4 5 |  5.4
Dodging        | 4 5 |  5.9
Polearms       | 1 4 |  4.7
Unarmed Combat | 2 4 |  4.6
Stealth        | 1 |  1.3

Action                   |  1- 3 |  4- 6 |  7- 9 || total
-------------------------+-------+-------+-------++-------
Melee: Falchion          |     7 |       |       ||     7
       Scythe            |       |    33 |    10 ||    43
Invok: Berserk           |     1 |     1 |       ||     2
  Use: Potion            |       |     1 |       ||     1
 Stab: Distracted        |       |     1 |       ||     1
Armor: Animal skin       |       |     6 |     2 ||     8
Dodge: Dodged            |       |    44 |     7 ||    51
